 Dungeon Sprint DCSS version 0.16-a0-3841-g2612308 (console) character file.

37 Monkaria the Slasher (level 3, 37/37 HPs)
             Began as a Hill Orc Fighter on Jan 30, 2015.
             Quit the game in the Dungeon (Sprint IX: "|||||||||||||||||||||||||||||").
             The game lasted 00:00:23 (282 turns).

Monkaria the Slasher (Hill Orc Fighter)              Turns: 282, Time: 00:00:23

Health: 37/37      AC:  6    Str: 19    XL:     3   Next: 39%
Magic:  3/3        EV:  7    Int:  8    God:
Gold:   0          SH:  9    Dex: 10    Spells: 0 memorised, 2 levels left

rFire  . . .     SeeInvis .     a - +0 long sword
rCold  . . .     Clarity  .     b - +0 scale mail
rNeg   . . .     SustAb   .     c - +0 shield
rPois  .         Gourm    .     (no helmet)
rElec  .         Spirit   .     (no cloak)
rCorr  .         Warding  .     (no gloves)
rMut   .         NoTele   +     (no boots)
MR     .....                    (no amulet)
Stlth  ..........               (no ring)
                                (no ring)

@: not resistant to hostile enchantments, extremely unstealthy
A: no striking features
a: no special abilities


You were in the Dungeon.
You were not hungry.

You visited 1 branch

Inventory:

Hand weapons
 a - a +0 long sword (weapon)
 p - a +2 scimitar of holy wrath
Armour
 b - a +0 scale mail (worn)
 c - a +0 shield (worn)
Jewellery
 q - a +3 ring of strength
 r - a +2 ring of protection
Magical devices
 o - a wand of fire (7)
Scrolls
 k - 2 scrolls of blinking
 m - 3 scrolls of remove curse
 n - 2 scrolls of amnesia
Potions
 e - a potion of might
 f - 5 potions of curing
 g - 3 potions of heal wounds
 h - a potion of haste
 i - 4 potions of magic
 j - a potion of berserk rage
 l - a potion of invisibility
Comestibles
 d - a meat ration


   Skills:
 + Level 5.7 Fighting
 * Level 6.1 Long Blades
 - Level 3.2 Armour
 - Level 3.2 Shields


You had 2 spell levels left.
You didn't know any spells.

Dungeon Overview and Level Annotations

Branches:
Dungeon (1/1)

Altars:
Cheibriados
Dithmenos
Elyvilon
Fedhas
Gozag
Kikubaaqudgha
Makhleb
Nemelex Xobeh
Okawaru
Qazlal
Ru
Sif Muna
Trog
Vehumet
Xom
Yredelemnul
Zin
The Shining One
Beogh
Jiyva
Lugonu


Message History

There is a sacrificial altar of Ru here.
As you open the door, it creaks loudly!
Found seven items.
Found a +3 ring of strength.
There is an open door here.
Found a +2 ring of protection.
i - 4 potions of magic (gained 2);
l - a potion of invisibility
g - 3 potions of heal wounds (gained 2);
f - 5 potions of curing (gained 4)
m - 3 scrolls of remove curse;
n - 2 scrolls of amnesia
k - 2 scrolls of blinking (gained 1)
o - a wand of fire (7)
You see here an uncursed staff of energy.
Items here: ))))))
p - a +2 scimitar of holy wrath You see here a +0 pair of boots.
You see here a +0 pair of gloves.
You see here a +1 chain mail.
q - a +3 ring of strength
r - a +2 ring of protection Are you sure you want to abandon this character and quit the game? (Confirm with "yes".)

▓+▓
▓@▓
▓.▓
▓[▓
▓[▓
▓[▓
▓)▓
▓|▓
▓.▓
▓.▓


There were no monsters in sight!

Vanquished Creatures
  An orc priest (D)
  A bat skeleton (D)
  3 hobgoblins (D)
  A quokka (D)
  2 bats (D)
  A giant newt (D)
  A rat (D)
10 creatures vanquished.

Notes
Turn   | Place    | Note
--------------------------------------------------------------
     0 | D        | Monkaria, the Hill Orc Fighter, began the quest for the Orb.
     0 | D        | Reached XP level 1. HP: 19/19 MP: 1/1
    15 | D        | Reached skill level 4 in Fighting
   219 | D        | Noticed an orc priest
   222 | D        | Killed an orc priest
   222 | D        | Reached skill level 5 in Fighting
   222 | D        | Reached skill level 5 in Long Blades
   222 | D        | Reached XP level 2. HP: 27/29 MP: 2/2
   222 | D        | Reached XP level 3. HP: 33/36 MP: 3/3
   229 | D        | Reached skill level 6 in Long Blades
   242 | D        | Found a glowing silver altar of Zin.
   242 | D        | Found a glowing golden altar of the Shining One.
   242 | D        | Found an ancient bone altar of Kikubaaqudgha.
   242 | D        | Found a basalt altar of Yredelemnul.
   242 | D        | Found a shimmering altar of Xom.
   242 | D        | Found a radiant altar of Vehumet.
   242 | D        | Found an iron altar of Okawaru.
   243 | D        | Found a burning altar of Makhleb.
   244 | D        | Found a deep blue altar of Sif Muna.
   245 | D        | Found a bloodstained altar of Trog.
   246 | D        | Found a sparkling altar of Nemelex Xobeh.
   247 | D        | Found a white marble altar of Elyvilon.
   248 | D        | Found a roughly hewn altar of Beogh.
   249 | D        | Found a viscous altar of Jiyva.
   250 | D        | Found a corrupted altar of Lugonu.
   251 | D        | Found a blossoming altar of Fedhas.
   252 | D        | Found a snail-covered altar of Cheibriados.
   253 | D        | Found a shadowy altar of Dithmenos.
   254 | D        | Found a stormy altar of Qazlal.
   255 | D        | Found an opulent altar of Gozag.
   256 | D        | Found a sacrificial altar of Ru.
   282 | D        | Quit the game

Action                   || total
-------------------------++-------
Melee: Long sword        ||    36
